 Dungeon Crawl Stone Soup version 0.30.1-11-g7821555f0a (webtiles) character file.

Game seed: 3708564732198709351

1743 Lutefisk the Fighter (level 9, -11/81 HPs)
             Began as a Hill Orc Reaver on Nov 25, 2023.
             Was a Believer of Beogh.
             Mangled by a two-headed ogre
             ... wielding a +0 giant spiked club
              (22 damage)
             ... on level 8 of the Dungeon.
             The game lasted 00:27:47 (3415 turns).

Lutefisk the Fighter (Hill Orc Reaver)              Turns: 3415, Time: 00:27:48

Health: -11/81     AC:  9    Str: 17    XL:     9   Next: 5%
Magic:  12/12      EV: 11    Int: 13    God:    Beogh [**....]
Gold:   296        SH:  5    Dex: 17    Spells: 4/12 levels left

rFire   + . .        k - +1 demon blade (vamp)
rCold   . . .        e - +0 buckler
rNeg    . . .        i - +0 ring mail
rPois   .            E - +2 helmet
rElec   .            (no cloak)
rCorr   .            (no gloves)
SInv    .            (no boots)
Will    .....        (no amulet)
Stlth   +            h - +6 ring of dexterity
HPRegen 0.33/turn    b - ring of protection from fire
MPRegen 0.13/turn

%: no passive effects
@: weak-willed
A: no striking features
a: Renounce Religion, Smiting


You were on level 8 of the Dungeon.
You worshipped Beogh.
Beogh was pleased with you.
You visited 1 branch of the dungeon, and saw 8 of its levels.

You collected 296 gold pieces.

Inventory:

Hand Weapons
 k - a +1 vampiric demon blade (weapon)
 A - a +3 hand axe
Missiles
 a - 13 poisoned darts (quivered)
 n - 5 javelins
 B - 7 boomerangs
Armour
 e - a +0 buckler (worn)
 i - a +0 ring mail (worn)
 v - a +1 hat
 E - a +2 helmet (worn)
Magical Staves
 l - a staff of conjuration
 o - a staff of fire
 s - a staff of cold
Jewellery
 b - a ring of protection from fire (right hand)
 h - a +6 ring of dexterity (left hand)
 t - a +6 ring of dexterity
 u - a ring of see invisible
Wands
 q - a wand of digging (2)
 F - a wand of polymorph (3)
Scrolls
 w - a scroll of magic mapping {unknown}
 y - a scroll of amnesia
Potions
 c - 3 potions of mutation
 d - 2 potions of curing
 f - 2 potions of attraction {unknown}
 g - a potion of heal wounds {unknown}
 j - 2 potions of cancellation {unknown}
 p - a potion of resistance
 z - a potion of might {unknown}
 C - a potion of flight {unknown}
 D - a potion of lignification


   Skills:
 - Level 8.0 Fighting
 - Level 4.0 Axes
 * Level 4.1 Armour
 - Level 3.0 Dodging
 - Level 1.0 Stealth
 * Level 4.1 Shields
 - Level 2.0 Spellcasting
 - Level 4.0 Conjurations
 * Level 4.7 Fire Magic
 - Level 4.0 Invocations
 - Level 1.0 Evocations


You had 4 spell levels left.
You knew the following spells:

 Your Spells              Type           Power      Damage    Failure   Level
a - Kiss of Death         Conj/Necr      24%        2d7       26%         1
b - Momentum Strike       Conj/Tloc      12%        3d8       36%         2
c - Necrotise             Necr           4%         1d4       50%         1
d - Sticky Flame          Conj/Fire      12%        2d4       67%         4

Your spell library contained the following spells:

 Spells                   Type           Power      Damage    Failure   Level
 Summon Small Mammal      Summ           4%         N/A       50%         1
 Inner Flame              Hex/Fire       7%         N/A       54%         3
 Hailstorm                Conj/Ice       6%         3d4       58%         3
 Flame Wave               Conj/Fire      12%        2d6       67%         4
 Call Canine Familiar     Summ           1%         N/A       86%         3
 Summon Guardian Golem    Hex/Summ       1%         N/A       86%         3
 Vampiric Draining        Necr           1%         2d6       86%         3
 Leda's Liquefaction      Hex/Erth       0%         N/A       99%         4
 Agony                    Necr           1%         N/A       100%        5
 Lee's Rapid Deconstruct  Erth           0%         3d4*      100%        5
 Statue Form              Tmut/Erth      0%         N/A       100%        6
 Chain Lightning          Conj/Air       3%         3d4       100%        9
 Fire Storm               Conj/Fire      6%         8d2       100%        9
 Shatter                  Erth           0%         3d5*      100%        9


Dungeon Overview and Level Annotations

Branches:
Dungeon (8/15)             Temple (0/1) D:5
   Lair: D:8-11

Altars:
Elyvilon
Gozag
Okawaru
Sif Muna
Trog
The Shining One

Annotations:
D:2 Sigmund
D:6 Eustachio


Message History

The orc wizard flickers and vanishes!
The orc throws a boomerang.
The orc throws a boomerang.
A magic dart appears from out of thin air!
The magic dart hits you.
* * * LOW HITPOINT WARNING * * *
The orc throws a boomerang.
A magic dart appears from out of thin air!
The magic dart hits you.
* * * LOW HITPOINT WARNING * * *
The orc throws a boomerang.
The boomerang barely misses you.
A magic dart appears from out of thin air!
The magic dart hits something!
There is a stone staircase leading down here.
You climb downwards.
Reactivating autopickup.
The two-headed ogre shouts in stereo!
Found an escape hatch in the floor.
There is a stone staircase leading up here.
Okay, then.
Okay, then.
As you read the scroll labelled JETYNOGOLUS, it crumbles to dust.
Magic quickly surges around you.
It was a scroll of vulnerability.
The two-headed ogre hits you with a +0 giant spiked club!
* * * LOW HITPOINT WARNING * * *
You block the two-headed ogre's attack.
As you read the scroll labelled FIUFANU DYMYEMOTO, it crumbles to dust.
The scroll dissolves into smoke.
It was a scroll of fog.
As you read the scroll labelled ZUASYR UTYHOAX, it crumbles to dust.
It is a scroll of amnesia.
Really abort (and waste the scroll)? [Y]es or [N]o only, please.
Really abort (and waste the scroll)?
Okay, then.
The two-headed ogre barely misses you. You block the two-headed ogre's attack.
As you read the scroll labelled PECVIFEGATO, it crumbles to dust.
You hear a loud clanging noise!
It was a scroll of noise.
The two-headed ogre hits you with a +0 giant spiked club!!
You die...

### >.# #.#
#.# #.# #§#
.######§##.#
.....§§@§§.#
#######O####
#§# #.# #.#
#.# #.. ##.


You could see a two-headed ogre (weak-willed).

Vanquished Creatures
  A black bear (D:5)
  An orc warrior (D:7)
  A sky beast (D:6)
  An ogre (D:5)
  A kobold brigand (D:6)
  5 scorpions
  2 killer bees (D:5)
  5 hounds
  2 jellies
  7 orc priests
  A gnoll bouda (D:6)
  2 sleepcaps (D:7)
  4 iguanas
  2 orc wizards (D:6)
  12 gnolls
  2 adders (D:5)
  A white imp (D:6)
  An ufetubus (D:6)
  A worm (D:5)
  2 dart slugs (D:1)
  19 orcs
  6 ball pythons
  2 bats (D:1)
  2 endoplasms
  5 giant cockroaches
  5 goblins
  4 hobgoblins
  3 jackals (D:1)
  7 kobolds
  3 quokkas
  6 frilled lizards
  4 rats (D:1)
120 creatures vanquished.

Vanquished Creatures (others)
  A killer bee (D:5)
  An orc priest (D:5)
  2 hounds (D:5)
  An orc wizard (D:5)
  4 orcs (D:5)
9 creatures vanquished.

Grand Total: 129 creatures vanquished

Notes
Turn   | Place    | Note
-------+----------+-------------------------------------------
     0 | D:1      | Lutefisk the Hill Orc Reaver began the quest for the Orb.
     0 | D:1      | Reached XP level 1. HP: 18/18 MP: 3/3
   116 | D:1      | Reached XP level 2. HP: 23/25 MP: 4/4
   241 | D:1      | Reached skill level 1 in Armour
   288 | D:1      | Reached skill level 1 in Stealth
   294 | D:1      | Reached XP level 3. HP: 25/30 MP: 5/5
   329 | D:1      | Reached skill level 3 in Fighting
   396 | D:2      | Noticed Sigmund
   628 | D:2      | Learned a level 2 spell: Momentum Strike
   630 | D:2      | Learned a level 1 spell: Necrotise
   671 | D:3      | Found a bloodstained altar of Trog.
   766 | D:4      | Reached XP level 4. HP: 39/40 MP: 6/6
   880 | D:4      | Reached skill level 4 in Fighting
  1082 | D:4      | Noticed a scorpion
  1099 | D:4      | Killed a scorpion
  1100 | D:4      | Reached skill level 5 in Fighting
  1100 | D:4      | Reached XP level 5. HP: 34/48 MP: 7/7
  1220 | D:4      | Reached skill level 6 in Fighting
  1257 | D:5      | Entered Level 5 of the Dungeon
  1257 | D:5      | Found a staircase to the Ecumenical Temple.
  1258 | D:5      | Became a worshipper of Beogh the Brigand
  1278 | D:5      | Reached skill level 1 in Invocations
  1278 | D:5      | Reached XP level 6. HP: 57/57 MP: 8/8
  1291 | D:5      | Reached skill level 1 in Evocations
  1297 | D:5      | Found a glowing golden altar of the Shining One.
  1297 | D:5      | Found a white marble altar of Elyvilon.
  1330 | D:5      | Noticed a troll
  1357 | D:5      | Found an iron altar of Okawaru.
  1607 | D:5      | Reached XP level 7. HP: 58/58 MP: 9/9
  1756 | D:4      | Reached * piety under Beogh
  1806 | D:4      | Found a shimmering blue altar of Sif Muna.
  1837 | D:5      | Reached skill level 1 in Shields
  1840 | D:5      | Reached skill level 7 in Fighting
  1863 | D:5      | Learned a level 4 spell: Sticky Flame
  1976 | D:5      | Reached skill level 1 in Fire Magic
  2209 | D:6      | Noticed Eustachio
  2331 | D:6      | Reached XP level 8. HP: 60/69 MP: 10/10
  2373 | D:6      | Reached skill level 8 in Fighting
  2437 | D:6      | Reached ** piety under Beogh
  2654 | D:6      | Found an opulent altar of Gozag.
  3122 | D:7      | HP: 2/74 [orc/+0 whip (3)]
  3291 | D:7      | Reached XP level 9. HP: 22/81 MP: 12/12
  3411 | D:8      | Noticed a two-headed ogre
  3415 | D:8      | Mangled by a two-headed ogre

Illustrated notes

Levels and vault maps discovered:
D:1:      minmay_arrival_five_plusses, layout_loops_cross,
          chequers_hall_statues_y, hangedman_decor_clover_reticule,
          chequers_serial_rivers_micro_d, minivault_24, minmay_small_reverse_x
D:2:      layout_basic, minmay_pentomino_t4, uniq_sigmund
D:3:      layout_basic, trog_book, serial_rivers,
          chequers_serial_rivers_small_3, chequers_serial_rivers_small_b,
          chequers_serial_rivers_small_3, chequers_serial_rivers_micro_b
D:4:      layout_basic, kennysheep_orc_sif_temple, sigmund_army
D:5:      layout_loops_cross, okawaru_metal_pillars_1_2,
          mainiacjoe_overflow_divided_tiny, minmay_temple_entry_offerings
D:6:      layout_loops_ring, nicolae_gozag_seed_capital, hex_large,
          uniq_eustachio
D:7:      layout_gridville, mainiacjoe_overflow_paths, overflow_temple_1_default
D:8:      layout_loops_ring, nicolae_uskayaw_dance_studio,
          minmay_guarded_unrand_finisher

Skill      XL: |  1  2  3  4  5  6  7  8 |
---------------+-------------------------+-----
Armour         | 1 2 3 4 |  4.1
Stealth        | 1 |  1.0
Fighting       | 3 5 6 7 8 |  8.0
Dodging        | 2 3 |  3.0
Invocations    | 1 3 4 |  4.0
Evocations     | 1 |  1.0
Shields        | 3 4 |  4.1
Fire Magic     | 2 4 |  4.7
Spellcasting   | 2 |  2.0
Conjurations   | 4 |  4.0
Axes           | |  4.0

Action                     |  1- 3 |  4- 6 |  7- 9 || total
---------------------------+-------+-------+-------++-------
  Melee: Hand axe          |    98 |       |       ||    98
         Punch             |     2 |       |       ||     2
         Demon blade       |     1 |    84 |   212 ||   297
  Throw: Boomerang         |       |       |    13 ||    13
         Dart              |       |       |    10 ||    10
   Cast: Necrotise         |       |     4 |     2 ||     6
         Kiss of Death     |       |     2 |     1 ||     3
         Momentum Strike   |       |       |     1 ||     1
 Invoke: Convert to Beogh  |       |     1 |       ||     1
  Evoke: Wand              |       |       |     5 ||     5
    Use: Scroll            |       |     3 |     6 ||     9
         Potion            |       |       |     4 ||     4
   Stab: Sleeping          |     2 |     1 |     1 ||     4
 Armour: Leather armour    |    11 |       |       ||    11
         Ring mail         |    18 |    36 |    64 ||   118
         Skin              |       |       |     8 ||     8
  Dodge: Dodged            |    65 |    78 |   142 ||   285
  Block: Buckler           |       |       |    79 ||    79
